 Dungeon Crawl Stone Soup version 0.18-a0-1702-gd20c6a5 (webtiles) character file.

816 wvc the Thaumaturge (level 7, -1/36 HPs)
             Began as a Deep Elf Wizard on Apr 6, 2016.
             Was a Believer of Fedhas.
             Slain by a giant frog zombie (7 damage)
             ... on level 6 of the Dungeon.
             The game lasted 00:36:39 (4864 turns).

wvc the Thaumaturge (Deep Elf Wizard)               Turns: 4864, Time: 00:36:40

Health: -1/36      AC:  8    Str:  4    XL:     7   Next: 62%
Magic:  19/20      EV: 12    Int: 25    God:    Fedhas [**....]
Gold:   237        SH:  0    Dex: 13    Spells: 7 memorised, 6 levels left

rFire  + . .     SeeInvis .     n - +3 whip (elec)
rCold  . . .     Gourm    .     a - +0 robe
rNeg   . . .     Faith    +     (no shield)
rPois  .         Spirit   .     B - +1 helmet
rElec  .         Dismiss  .     A - +0 cloak
rCorr  .         Reflect  .     F - +2 pair of gloves
SustAt .         Harm     .     (no boots)
MR     .....                    D - amulet of faith
Stlth  ++........               (no ring)
                                g - ring of protection from fire

@: repel missiles, not resistant to hostile enchantments, unstealthy
A: no striking features
a: Evolution, Sunlight, Renounce Religion


You were on level 6 of the Dungeon.
You worshipped Fedhas.
Fedhas was pleased with you.
You were not hungry.

You visited 1 branch of the dungeon, and saw 6 of its levels.

You collected 237 gold pieces.

Inventory:

Hand Weapons
 f - a +0 dagger
 n - a +3 whip of electrocution (weapon)
Missiles
 k - 19 poisoned needles
 m - 4 throwing nets (quivered)
Armour
 a - a +0 robe (worn)
 b - a +0 hat
 A - a +0 cloak (worn)
 B - a +1 helmet (worn)
 F - a +2 pair of gloves (worn)
Jewellery
 g - a ring of protection from fire (left hand)
 h - an uncursed ring of sustain attributes
 i - an uncursed ring of fire
 D - an amulet of faith (around neck)
 H - an uncursed amulet of dismissal
Wands
 s - a wand of flame (17/48)
 x - a wand of slowing (8/48)
 G - a wand of teleportation (5/9)
Scrolls
 o - 2 scrolls of immolation
 v - a scroll of teleportation
Potions
 j - 2 potions of curing
 l - 3 potions of haste
 q - a potion of invisibility {unknown}
 r - 2 potions of brilliance
 t - a potion of flight {unknown}
 z - a potion of resistance {unknown}
Books
 c - a book of Minor Magic

   Spells                             Type                      Level
   a - Magic Dart                     Conjuration                  1
   b - Blink                          Translocation                2
   c - Call Imp                       Summoning                    2
   d - Repel Missiles                 Charms/Air                   2
   e - Slow                           Hexes                        2
   f - Conjure Flame                  Conjuration/Fire             3
   g - Mephitic Cloud                 Conjuration/Poison/Air       3
 p - Ydiany's Disquisition on Enchanting Poisoning
   (You found it on level 5 of the Dungeon)

   Spells                             Type                      Level
   a - Dazzling Spray                 Conjuration/Hexes            3
   b - Inner Flame                    Hexes/Fire                   3
   c - Spider Form                    Transmutation/Poison         3
   d - Cause Fear                     Hexes                        4
   e - Yara's Violent Unravelling     Hexes/Transmutation          5
 u - a book of Annihilations

   Spells                             Type                      Level
   a - Poison Arrow                   Conjuration/Poison           6
   b - Chain Lightning                Conjuration/Air              8
   c - Lehudib's Crystal Spear        Conjuration/Earth            8
   d - Glaciate                       Conjuration/Ice              9
   e - Fire Storm                     Conjuration/Fire             9
Comestibles
 d - 6 bread rations
 w - 2 meat rations


   Skills:
 + Level 0.5 Maces & Flails
 - Level 2.4 Dodging
 - Level 2.4 Stealth
 + Level 8.3 Spellcasting
 * Level 7.0 Conjurations
 + Level 0.8 Charms
 + Level 1.4 Summonings
 + Level 1.1 Translocations
 + Level 0.2 Air Magic


You had 6 spell levels left.
You knew the following spells:

 Your Spells              Type           Power        Failure   Level  Hunger
a - Magic Dart            Conj           ####         1%          1    None
b - Blink                 Tloc           N/A          8%          2    None
c - Call Imp              Summ           ###.....     6%          2    None
d - Conjure Flame         Conj/Fire      ####....     4%          3    None
e - Mephitic Cloud        Conj/Pois/Air  ###.....     8%          3    None
f - Repel Missiles        Chrm/Air       ##....       10%         2    None
g - Dazzling Spray        Conj/Hex       ####....     4%          3    None


Dungeon Overview and Level Annotations

Branches:
Dungeon (6/15)
 Temple: D:4-7

Altars:
Elyvilon
Fedhas
Okawaru
Xom
Yredelemnul
Zin
The Shining One

Shops:
D:5 %

Annotations:
D:4 PeterLawrence's ghost, novice GrFi


Message History

The crimson imp blinks!
You hit the giant frog zombie.
There is a sudden explosion of sparks!
The giant frog zombie hits you. The giant frog zombie hits you!
* * * LOW HITPOINT WARNING * * *
You barely miss the giant frog zombie. The giant frog zombie hits you.
* * * LOW HITPOINT WARNING * * *
Drink which item? (? for menu, Esc to quit)
Magic courses through your body.
The giant frog zombie completely misses you.
The crimson imp blinks!
The giant frog zombie closely misses you.
Casting: Magic Dart
Confirm with . or Enter, or press ? or * to list all spells.
Aiming: Magic Dart
Press: ? - help, Shift-Dir - straight line, f - giant frog zombie
Aim: a giant frog zombie The magic dart hits the giant frog zombie.
The giant frog zombie hits you!
You die...
Fedhas appreciates your contribution to the ecosystem.

#.#..########
#........>..#
#....######.#
#....## #.#
#.....### #.#
#.......# #.#
#.....#.# #.#
######..####.#
#.# ........#
# #@#
#######.# #Z#
#.# #r# #..
.$. #... ...
#### #ยง#.# #.
.# #. .#


You could see a giant frog zombie and a quokka.

Vanquished Creatures
  A sky beast (D:5)
  A phantom (D:4)
  A gnoll sergeant (D:6)
  A crimson imp (D:5)
  3 hounds (D:4)
  A gnoll shaman (D:4)
  3 orc wizards
  Ijyb (D:2)
  Natasha (D:3)
  3 worker ants (D:4)
  6 adders
  7 gnolls
  A shadow imp (D:6)
  2 oozes
  A worm (D:2)
  An adder skeleton (D:5)
  A dart slug (D:3)
  2 giant geckos (D:2)
  11 orcs
  4 giant cockroaches
  6 hobgoblins
  8 jackals
  6 kobolds
  2 quokkas
  2 ball pythons
  7 bats
  A giant gecko skeleton (D:5)
  6 giant newts
  9 goblins
  A quokka zombie (D:6)
  3 rats (D:1)
103 creatures vanquished.

Vanquished Creatures (collateral kills)
  A kobold (D:2)
1 creature vanquished.

Vanquished Creatures (others)
  30 toadstools
30 creatures vanquished.

Grand Total: 134 creatures vanquished

Notes
Turn   | Place    | Note
--------------------------------------------------------------
     0 | D:1      | wvc the Deep Elf Wizard began the quest for the Orb.
     0 | D:1      | Reached XP level 1. HP: 10/10 MP: 7/7
   346 | D:1      | Reached skill level 5 in Spellcasting
   346 | D:1      | Reached XP level 2. HP: 15/15 MP: 2/10
   513 | D:1      | Learned a level 2 spell: Blink
   516 | D:1      | Learned a level 2 spell: Call Imp
  1071 | D:2      | Reached XP level 3. HP: 19/19 MP: 1/11
  1253 | D:2      | Noticed Ijyb
  1265 | D:2      | Killed Ijyb
  1428 | D:2      | Learned a level 3 spell: Conjure Flame
  1432 | D:2      | Learned a level 3 spell: Mephitic Cloud
  1441 | D:2      | Learned a level 2 spell: Repel Missiles
  1465 | D:2      | Reached XP level 4. HP: 22/24 MP: 11/13
  1638 | D:2      | Found a basalt altar of Yredelemnul.
  1806 | D:3      | Found a blossoming altar of Fedhas.
  1826 | D:3      | Reached skill level 6 in Spellcasting
  1872 | D:3      | Noticed Natasha
  1877 | D:3      | Killed Natasha
  2232 | D:3      | Found a white marble altar of Elyvilon.
  2437 | D:3      | Found a faded altar to an unknown god.
  2447 | D:3      | Became a worshipper of Fedhas Madash
  2447 | D:3      | Reached * piety under Fedhas
  2547 | D:4      | Reached XP level 5. HP: 28/28 MP: 12/15
  2846 | D:4      | Noticed a phantom
  2860 | D:4      | Killed a phantom
  2860 | D:4      | Reached skill level 5 in Conjurations
  2860 | D:4      | Reached XP level 6. HP: 23/32 MP: 2/17
  3052 | D:4      | Reached skill level 7 in Spellcasting
  3635 | D:4      | Noticed PeterLawrence's ghost (novice GrFi)
  3693 | D:5      | Entered Level 5 of the Dungeon
  3693 | D:5      | Found a glowing silver altar of Zin.
  3693 | D:5      | Noticed an angel
  3699 | D:5      | Identified Ydiany's Disquisition on Enchanting Poisoning
  3704 | D:5      | Learned a level 3 spell: Dazzling Spray
  3799 | D:4      | Reached XP level 7. HP: 16/36 MP: 5/20
  4153 | D:5      | Reached ** piety under Fedhas
  4157 | D:5      | Found a shimmering altar of Xom.
  4217 | D:5      | Found an iron altar of Okawaru.
  4262 | D:5      | Found Rabig's Food Shop.
  4309 | D:5      | Found a glowing golden altar of the Shining One.
  4391 | D:5      | HP: 1/36 [something (5)]
  4395 | D:5      | Reached skill level 8 in Spellcasting
  4864 | D:6      | Slain by a giant frog zombie

Vault maps used:
D:1:      lemuel_arrival_muddy
D:2:      mrwooster_statue_mirror, yredelemnul_altar_generic, uniq_iyjb
D:3:      elyvilon_altar_1, ecumenical_altar_1, fedhas_altar_1, uniq_natasha,
          uniq_sigmund
D:4:      first_bread
D:5:      grunt_temple_overflow_order_and_chaos_1, serial_shops,
          nicolae_shop_crystal, basic_altar, minmay_misc_feat_diagonals,
          okawaru_metal_pillars_1_2
D:6:      minmay_temple_entry_statues_fountains, serial_shops, shop,
          kennysheep_potato

Skill      XL: |  1  2  3  4  5  6  7 |
---------------+----------------------+-----
Spellcasting   | 5 6 7 8 |  8.3
Conjurations   | 2 3 5 7 |  7.0
Maces & Flails | |  0.5
Dodging        | |  2.4
Stealth        | |  2.4
Charms         | |  0.8
Summonings     | |  1.4
Translocations | |  1.1
Air Magic      | |  0.2

Action                   |  1- 3 |  4- 6 |  7- 9 || total
-------------------------+-------+-------+-------++-------
Melee: Whip              |    13 |    83 |    50 ||   146
 Cast: Magic Dart        |    73 |    98 |    53 ||   224
       Call Imp          |     2 |       |       ||     2
       Blink             |     1 |       |       ||     1
       Repel Missiles    |     1 |       |       ||     1
       Conjure Flame     |       |     1 |     1 ||     2
       Mephitic Cloud    |       |       |     2 ||     2
Evoke: Wand              |       |       |     1 ||     1
  Use: Scroll            |       |    14 |     2 ||    16
       Potion            |       |       |     4 ||     4
 Stab: Sleeping          |     3 |       |       ||     3
  Eat: Chunk             |     1 |     6 |       ||     7
       Meat ration       |       |     1 |       ||     1
